 Dungeon Crawl Stone Soup version 0.30-a0-939-gc8157cb160 (webtiles) character file.

Game seed: 836508753487246861

85567 jlumianski the Cleaver (level 15, -3/109 (122) HPs)
             Began as a Demonspawn Fighter on Mar 23, 2023.
             Was a High Priest of Okawaru.
             Slain by a torpor snail (8 damage)
             ... on level 1 of the Spider Nest on Mar 26, 2023.
             The game lasted 02:00:40 (26442 turns).

jlumianski the Cleaver (Demonspawn Fighter)        Turns: 26442, Time: 02:00:43

HP:   -3/109 (122)  AC: 34    Str: 34    XL:     15   Next: 38%
MP:   0/24          EV: 13    Int:  9    God:    Okawaru [*****.]
Gold: 215           SH: 11    Dex: 18    Spells: 14/14 levels left

rFire   . . .      SeeInvis +    E - +8 broad axe of Weikit {drain, *Corrode Will+ Str+4}
rCold   . . .      Faith    .    y - +3 warlock's mirror {omnireflect}
rNeg    . . .      Spirit   +    b - +6 chain mail "Omerimme" {rCorr Str+4 Dex+3}
rPois   +          Reflect  +    p - +2 helmet
rElec   .          Rampage  .    W - +3 cloak of Poor Excuses {Str+4 SInv}
rCorr   +                        (no gloves)
Will    ++...                    (boots unavailable)
Stlth   ++                       x - amulet of guardian spirit
HPRegen 0.38/turn                c - +4 ring of protection
MPRegen 0.19/turn                w - ring of poison resistance

@: mighty, heroic, slowed, heavily drained, very slow
A: hooves 3, slimy green scales 2, (demonic guardian 2), powered by pain 1
a: Renounce Religion, Heroism, Finesse, Duel


You were on level 1 of the Spider Nest.
You worshipped Okawaru.
Okawaru was extremely pleased with you.
You visited 5 branches of the dungeon, and saw 25 of its levels.

You collected 2321 gold pieces.
You spent 2106 gold pieces at shops.

Inventory:

Hand Weapons
 d - a +5 demon trident of flaming
 E - the +8 broad axe of Weikit (weapon) {drain, *Corrode Will+ Str+4}
   (Okawaru gifted it to you on level 2 of the Lair of Beasts)

   Str:       It affects your strength (+4).
   *Corrode:  It may corrode you when you take damage.
   Will:      It increases your willpower.
Missiles
 s - 23 boomerangs (quivered)
 B - 10 atropa-tipped darts
 S - 9 curare-tipped darts
 U - 14 javelins
Armour
 b - the +6 chain mail "Omerimme" (worn) {rCorr Str+4 Dex+3}
   (Okawaru gifted it to you on level 13 of the Dungeon)

   Str:       It affects your strength (+4).
   Dex:       It affects your dexterity (+3).
   rCorr:     It protects you from acid and corrosion.
 p - a +2 helmet (worn)
 y - the +3 warlock's mirror (worn) {omnireflect}
   (You bought it in a shop on level 2 of the Orcish Mines)

   Omnireflect: It can block and reflect piercing ranged attacks and magical
   attacks against the wielder's willpower.
 W - the +3 cloak of Poor Excuses (worn) {Str+4 SInv}
   (Okawaru gifted it to you on level 4 of the Lair of Beasts)

   Str:       It affects your strength (+4).
   SInv:      It lets you see invisible.
Jewellery
 c - a +4 ring of protection (left hand)
 j - a ring of resist corrosion
 o - a ring of see invisible
 w - a ring of poison resistance (right hand)
 x - an amulet of guardian spirit (around neck)
 A - a ring of positive energy
 Z - a ring of willpower
Wands
 l - a wand of roots (19)
 m - a wand of mindburst (11)
 N - a wand of flame (13)
Scrolls
 e - a scroll of fear
 i - 3 scrolls of blinking
 q - 3 scrolls of magic mapping
 K - 11 scrolls of identify
 M - 5 scrolls of teleportation
 Q - 5 scrolls of fog
Potions
 a - a potion of might
 h - 2 potions of cancellation
 k - 5 potions of heal wounds
 r - a potion of attraction
 u - 8 potions of curing
 z - a potion of flight
 C - 3 potions of invisibility
 D - a potion of haste
 G - a potion of resistance
Miscellaneous
 P - a lightning rod (3/4)


   Skills:
 * Level 12.3(17.3) Fighting
 + Level 14.2(19.2) Axes
 - Level 0.4(14.2) Polearms
 - Level 2.4(7.4) Throwing
 + Level 9.4(14.4) Armour
 - Level 2.6(7.6) Dodging
 - Level 5.3(10.3) Stealth
 + Level 9.3(14.3) Shields
 * Level 12.4 Invocations
 * Level 9.8 Evocations


You had 14 spell levels left.
You didn't know any spells.
Your spell library contained the following spells:

 Spells                   Type           Power      Damage    Failure   Level
 Kiss of Death            Conj/Necr      0%         2d5       80%         1
 Necrotise                Necr           0%         1d4       80%         1
 Inner Flame              Hex/Fire       0%         N/A       99%         3
 Kindle Blastsparks       Fire/Tloc/Air  0%         2d10      99%         3
 Portal Projectile        Hex/Tloc       0%         N/A       99%         3
 Stone Arrow              Conj/Erth      0%         3d7       99%         3
 Cause Fear               Hex            0%         N/A       100%        4
 Dispel Undead            Necr           0%         3d6       100%        4
 Fulminant Prism          Conj/Hex       0%         3d5       100%        4
 Iskenderun's Mystic Bla  Conj/Tloc      0%         2d3       100%        4
 Passage of Golubria      Tloc           0%         N/A       100%        4
 Blade Hands              Tmut           0%         N/A       100%        5
 Lee's Rapid Deconstruct  Erth           0%         3d4*      100%        5
 Yara's Violent Unravell  Hex/Tmut       0%         3d3       100%        5
 Iron Shot                Conj/Erth      0%         9d1       100%        6
 Discord                  Hex            0%         N/A       100%        8
 Lehudib's Crystal Spear  Conj/Erth      0%         10d2      100%        8
 Death's Door             Necr           0%         N/A       100%        9
 Tukima's Dance           Hex            Unusable   N/A       N/A         3
 Animate Armour           Summ/Erth      Unusable   N/A       N/A         4
 Animate Dead             Necr           Unusable   N/A       N/A         4

Dungeon Overview and Level Annotations

Branches:
Dungeon (14/15)            Temple (1/1) D:5            Lair (5/5) D:11
  Swamp (0/4) Lair:2       Spider (3/4) Lair:2        Slime (0/5) Lair:4
    Orc (2/2) D:9             Elf (0/3) Orc:2        Vaults (0/5) D:14

Altars:
Ashenzari
Cheibriados
Dithmenos
Fedhas
Gozag
Hepliaklqana
Kikubaaqudgha
Makhleb
Nemelex Xobeh
Okawaru
Qazlal
Ru
Sif Muna
Trog
Uskayaw
Vehumet
Wu Jian
Xom
Yredelemnul
Jiyva

Shops:
D:2 (   D:3 (*!(   D:12 [   D:13 =   Orc:2 [*(=

Portals:
Hell: Lair:5

Annotations:
D:5 1 runed translucent door, cforsyth's ghost, novice HuFi


Innate Abilities, Weirdness & Mutations

You have hooves in place of feet.
You are mostly covered in slimy green scales. (AC +3)
((A demonic guardian rushes to your aid.))
You sometimes gain a little power by taking damage.


Message History

The jumping spider bites you but does no damage.
The pharaoh ant barely misses you. The wolf spider closely misses you.
The wolf spider bites you but does no damage.
The jumping spider pounces on you but does no damage.
The jumping spider bites you but does no damage.
The redback bites you.
The torpor snail bites you but does no damage.
The pharaoh ant bites you!
You feel drained. You block the wolf spider's attack.
The wolf spider bites you but does no damage.
The jumping spider misses you. The jumping spider barely misses you.
You block the redback's attack. The pharaoh ant closely misses you.
The wolf spider hits you but does no damage.
The wolf spider bites you but does no damage.
The jumping spider closely misses you. The jumping spider misses you.
The redback misses you. The torpor snail barely misses you.
The jumping spider pounces on you but does no damage.
The jumping spider bites you but does no damage.
The wolf spider hits you but does no damage.
The wolf spider bites you but does no damage.
The pharaoh ant bites you but does no damage.
You slash the pharaoh ant!
You kick the pharaoh ant, but do no damage.
The pharaoh ant is moderately damaged.
You slash the torpor snail! You slash the jumping spider!
You slash the redback! You drain the redback. You slice the wolf spider!!
You drain the wolf spider. The redback closely misses you.
The wolf spider hits you but does no damage.
The wolf spider closely misses you. The jumping spider barely misses you.
The jumping spider bites you.
* * * LOW HITPOINT WARNING * * *
The pharaoh ant bites you!!
* * * LOW HITPOINT WARNING * * *
You focus on the pain.
You feel very mighty all of a sudden.
You feel drained.
* * * LOW HITPOINT WARNING * * *
The redback bites you but does no damage.
The torpor snail bites you!
You die...

......##
##.........
........
##......##.
........ #.......##
........##........#
.......
#.^.......##
...#.........#
...#.........# ..#
#.......s.## .#
#.....s@B..#
..#.....ws##.....
####.....## .....
##....# .... ##...#
.. ##..# ..#. .## .
.


You could see a torpor snail, a wolf spider (drained), a pharaoh ant, a jumping
spider and a redback (drained).

Vanquished Creatures
  Saint Roka (Orc:2)
  2 orc warlords (Orc:2)
  Nessos (Orc:2)
  3 dire elephants
  An entropy weaver (Spider:1)
  7 hydras
  A vault guard (D:13)
  2 catoblepae
  A ghost crab (Lair:2)
  2 two-headed ogres
  6 boulder beetles
  Urug (D:11)
  3 orc high priests
  6 death yaks
  Nergalle (D:9)
  Sonja (D:12)
  2 skysharks
  Lodul (D:10)
  2 fire crabs (Lair:4)
  A spectral death yak (Lair:2)
  A sun demon (Lair:5)
  An orb spider (Spider:1)
  A spectral hydra (Lair:2)
  4 orc knights
  An oklob plant (Lair:1)
  A wolf spider (Spider:1)
  3 orc sorcerers (Orc:2)
  2 cyclopes
  A manticore (D:11)
  An ugly thing (D:12)
  6 black mambas
  10 elephants
  A smoke demon (Lair:5)
  3 torpor snails
  2 gargoyles (D:12)
  A komodo dragon (shapeshifter) (D:13)
  12 komodo dragons
  12 cane toads
  4 kobold demonologists
  9 rime drakes
  A spectral skyshark (Lair:2)
  3 ice devils (Lair:5)
  3 red devils (Lair:5)
  8 trolls
  2 polar bears
  2 tarantellas (Spider:1)
  A dream sheep (Lair:4)
  7 slime creatures
  7 wyverns
  A vampire (D:13)
  2 culicivoras
  Eustachio (D:5)
  3 shadows
  2 wraiths
  58 yaks
  4 basilisks
  A redback (Spider:1)
  3 vampire mosquitoes
  7 wargs
  3 spectral cane toads (Lair:2)
  2 acid dragons
  17 water moccasins
  3 hell hounds (Lair:5)
  43 orc warriors
  2 black bears
  A sky beast (D:5)
  13 ogres
  5 wolves
  6 centaurs
  4 kobold brigands
  A phantom (D:6)
  11 bullfrogs
  9 scorpions
  11 wights
  4 killer bees (D:6)
  6 howler monkeys
  A crimson imp (D:8)
  6 jellies
  6 hounds
  2 gnoll boudas
  39 orc priests
  Jessica (D:2)
  7 iguanas
  28 orc wizards
  Robin (D:2)
  22 gnolls
  7 adders
  A shadow imp (D:8)
  A white imp (D:8)
  An ufetubus (D:6)
  5 worms
  2 dart slugs
  100 orcs
  7 ball pythons
  5 endoplasms
  4 giant cockroaches
  8 goblins
  12 hobgoblins
  3 jackals (D:2)
  22 kobolds
  7 quokkas
  4 bats
  2 frilled lizards
  8 rats
  3 bushes
  2 butterflies (Lair:1)
695 creatures vanquished.

Vanquished Creatures (others)
  A boulder beetle (Lair:4)
  A wizard (Lair:5)
  An orc sorcerer (Orc:2)
  An orc (Orc:2)
  A kobold (D:7)
  38 fungi
  38 plants
81 creatures vanquished.

Grand Total: 776 creatures vanquished

Notes
Turn   | Place    | Note
-------+----------+-------------------------------------------
     0 | D:1      | jlumianski the Demonspawn Fighter began the quest for the
                  | Orb.
     0 | D:1      | Reached XP level 1. HP: 18/18 MP: 1/1
   159 | D:2      | Found a shimmering altar of Xom.
   164 | D:2      | Reached skill level 2 in Axes
   164 | D:2      | Gained mutation: You have large cloven feet. [demonic
                  | ancestry]
   164 | D:2      | Reached XP level 2. HP: 22/24 MP: 2/2
   492 | D:2      | Noticed Jessica
   591 | D:1      | Found a faded altar of an unknown god.
   783 | D:1      | Gained mutation: You have hoof-like feet. [demonic
                  | ancestry]
   783 | D:1      | Reached XP level 3. HP: 11/29 MP: 3/3
   974 | D:2      | Found Isazaoso's Weapon Emporium.
  1083 | D:2      | Killed Jessica
  1084 | D:2      | Gained mutation: You have hooves in place of feet. [demonic
                  | ancestry]
  1084 | D:2      | Reached XP level 4. HP: 18/35 MP: 4/4
  1088 | D:2      | Noticed Robin
  1102 | D:2      | Killed Robin
  1232 | D:3      | Found Tiqotup's Weapon Shop.
  1303 | D:3      | Reached skill level 1 in Dodging
  1303 | D:3      | Reached XP level 5. HP: 24/41 MP: 5/5
  1390 | D:2      | Reached skill level 3 in Axes
  1450 | D:3      | You fall into a shaft and drop 2 floors!
  1450 | D:5      | Entered Level 5 of the Dungeon
  1455 | D:5      | Noticed cforsyth's ghost (novice HuFi)
  1455 | D:5      | Noticed an ogre
  1641 | D:5      | Reached XP level 6. HP: 29/48 MP: 6/6
  1708 | D:3      | Found Lyredem's Distillery.
  1717 | D:3      | Bought a potion of curing for 30 gold pieces
  1764 | D:3      | Reached skill level 4 in Axes
  1774 | D:3      | Found Nitodunt's Antique Weapon Emporium.
  2341 | D:3      | Found Deacag Kieme's General Store.
  2356 | D:3      | Bought a scroll of identify for 20 gold pieces
  2356 | D:3      | Bought a scroll of identify for 20 gold pieces
  3105 | D:4      | Reached XP level 7. HP: 29/54 MP: 7/7
  3284 | D:5      | Noticed Eustachio
  3285 | D:5      | Reached skill level 5 in Axes
  3322 | D:5      | Killed Eustachio
  3458 | D:5      | Found a basalt altar of Yredelemnul.
  3482 | D:5      | Reached XP level 8. HP: 60/60 MP: 8/8
  3502 | D:5      | Found a staircase to the Ecumenical Temple.
  3512 | Temple   | Entered the Ecumenical Temple
  3595 | Temple   | Became a worshipper of Warmaster Okawaru
  3718 | D:5      | Reached skill level 6 in Axes
  3839 | D:5      | Found a runed translucent door.
  4287 | D:3      | Bought a potion of heal wounds for 50 gold pieces
  4310 | D:3      | Bought a potion of mutation for 80 gold pieces
  4782 | D:5      | Reached skill level 5 in Fighting
  4782 | D:5      | Reached skill level 5 in Shields
  4837 | D:6      | Reached skill level 1 in Throwing
  4855 | D:6      | Reached skill level 5 in Armour
  4882 | D:6      | Reached * piety under Okawaru
  5214 | D:5      | Gained mutation: You sometimes gain a little power by
                  | taking damage. [demonic ancestry]
  5214 | D:5      | Reached XP level 9. HP: 64/68 MP: 9/9
  5491 | D:6      | Reached skill level 7 in Axes
  5768 | D:6      | Reached ** piety under Okawaru
  6950 | D:7      | Identified the +2 ring mail "Xuas" {rPois Dex+4}
  7240 | D:7      | Reached skill level 1 in Invocations
  7397 | D:7      | Reached skill level 1 in Evocations
  7844 | D:7      | Reached *** piety under Okawaru
  8188 | D:8      | Reached skill level 8 in Axes
  8191 | D:7      | Gained mutation: You are partially covered in slimy green
                  | scales. (AC +2) [demonic ancestry]
  8191 | D:7      | Reached XP level 10. HP: 29/77 MP: 11/11
  8684 | D:8      | Found a snail-covered altar of Cheibriados.
  8692 | D:8      | Found a sparkling altar of Nemelex Xobeh.
  8761 | D:8      | Found a hide-covered altar of Uskayaw.
  8767 | D:8      | Found a stormy altar of Qazlal.
  8769 | D:8      | Found a broken altar of Ashenzari.
  8770 | D:8      | Found an opulent altar of Gozag.
  8772 | D:8      | Found a shimmering blue altar of Sif Muna.
  8776 | D:8      | Found a shadowy altar of Dithmenos.
  8777 | D:8      | Found an ancient bone altar of Kikubaaqudgha.
  8995 | D:8      | Got the Precepts of Wyrd
  9259 | D:9      | Reached **** piety under Okawaru
  9361 | D:9      | Found a staircase to the Orcish Mines.
  9504 | D:10     | Entered Level 10 of the Dungeon
  9562 | D:11     | Noticed a boulder beetle
  9594 | D:10     | Reached ***** piety under Okawaru
  9595 | D:10     | Reached skill level 9 in Axes
 10487 | D:10     | Noticed Lodul
 10497 | D:10     | Reached skill level 5 in Invocations
 10502 | D:10     | Killed Lodul
 10503 | D:10     | Reached XP level 11. HP: 71/85 MP: 14/14
 10566 | D:11     | Noticed Urug
 11162 | D:10     | Found a sacrificial altar of Ru.
 11236 | D:11     | Killed a boulder beetle
 11563 | D:11     | Identified the +2 broad axe of the Butterfly {freeze,
                  | Str+2} (Okawaru gifted it to you on level 11 of the
                  | Dungeon)
 11563 | D:11     | Received a gift from Okawaru
 11760 | D:11     | Found a staircase to the Lair.
 11822 | D:11     | Killed Urug
 11823 | D:11     | Reached skill level 10 in Axes
 11823 | D:11     | Reached skill level 5 in Evocations
 12115 | D:12     | Found Siva's Armour Emporium.
 12137 | D:11     | Noticed a two-headed ogre
 12143 | D:11     | Noticed a sixfirhy
 12243 | D:10     | Killed a two-headed ogre
 12559 | D:12     | Noticed a two-headed ogre
 12568 | D:12     | Killed a two-headed ogre
 12590 | D:12     | Noticed a boulder beetle
 12606 | D:11     | Killed a boulder beetle
 12931 | D:13     | Found Eceomm's Jewellery Shoppe.
 12940 | D:13     | Identified the +6 chain mail "Omerimme" {rCorr Str+4 Dex+3}
                  | (Okawaru gifted it to you on level 13 of the Dungeon)
 12940 | D:13     | Received a gift from Okawaru
 12968 | D:13     | Bought a +4 ring of protection for 468 gold pieces
 13034 | D:12     | Noticed a boulder beetle
 13057 | D:12     | Killed a boulder beetle
 13085 | D:12     | Gained mutation: A weak demonic guardian rushes to your
                  | aid. [demonic ancestry]
 13085 | D:12     | Reached XP level 12. HP: 92/94 MP: 17/17
 13164 | D:12     | Noticed Sonja
 13168 | D:12     | Killed Sonja
 14257 | D:13     | Reached skill level 11 in Axes
 14301 | D:13     | Noticed a boulder beetle
 14313 | D:13     | Killed a boulder beetle
 14874 | D:14     | Noticed a vault guard
 14874 | D:14     | Noticed a vault guard
 14874 | D:14     | Noticed a vault guard
 14875 | D:14     | Found a gate to the Vaults.
 14875 | D:14     | Noticed a vault guard
 14875 | D:14     | Noticed a vault guard
 14875 | D:14     | Noticed a vault guard
 14893 | D:13     | Killed a vault guard
 14947 | Lair:1   | Entered Level 1 of the Lair of Beasts
 14966 | Lair:1   | Received a gift from Okawaru
 15216 | Lair:1   | Noticed a boulder beetle
 15272 | Lair:2   | Killed a boulder beetle
 15272 | Lair:2   | Identified the +7 long sword of Pustrad {freeze, rF+}
                  | (Okawaru gifted it to you on level 2 of the Lair of Beasts)
 15272 | Lair:2   | Received a gift from Okawaru
 15323 | Lair:1   | Upgraded the game from 0.30-a0-924-g0ad0bf95bc to
                  | 0.30-a0-930-gb9d0489357
 15430 | Lair:1   | Reached ****** piety under Okawaru
 15947 | Lair:2   | Noticed a death yak
 15947 | Lair:2   | Noticed a death yak
 15950 | Lair:2   | Noticed a death yak
 15954 | Lair:2   | Reached skill level 10 in Fighting
 15961 | Lair:2   | Killed a death yak
 15962 | Lair:2   | Gained mutation: A demonic guardian rushes to your aid.
                  | [demonic ancestry]
 15962 | Lair:2   | Reached XP level 13. HP: 64/103 MP: 19/19
 16239 | Lair:2   | Reached skill level 12 in Axes
 16246 | Lair:2   | Identified the +8 broad axe of Weikit {drain, *Corrode
                  | Will+ Str+4} (Okawaru gifted it to you on level 2 of the
                  | Lair of Beasts)
 16246 | Lair:2   | Received a gift from Okawaru
 16819 | Lair:2   | Found a hole to the Spider Nest.
 17569 | Lair:2   | Found a staircase to the Swamp.
 17853 | Lair:3   | Upgraded the game from 0.30-a0-930-gb9d0489357 to
                  | 0.30-a0-939-gc8157cb160
 17897 | Lair:3   | Found the +4 skin of Zhor {*Englaciate rC+++ SInv}
 17966 | Lair:3   | Reached skill level 10 in Invocations
 18077 | Lair:3   | Identified the +8 war axe "Pyteali" {elec, Int+3 Stlth+}
 18092 | Lair:3   | Received a gift from Okawaru
 18169 | Lair:3   | Reached skill level 1 in Stealth
 18463 | Lair:5   | Entered Level 5 of the Lair of Beasts
 18753 | Lair:5   | Received a gift from Okawaru
 19221 | Lair:4   | Reached XP level 14. HP: 113/113 MP: 21/21
 19458 | Lair:4   | Reached skill level 13 in Axes
 19719 | Lair:4   | Identified the +3 cloak of Poor Excuses {Str+4 SInv}
                  | (Okawaru gifted it to you on level 4 of the Lair of Beasts)
 19719 | Lair:4   | Received a gift from Okawaru
 20335 | Lair:4   | Found a runed translucent door.
 20336 | Lair:4   | Found a viscous altar of Jiyva.
 20338 | Lair:4   | Found a staircase to the Slime Pits.
 21956 | Lair:5   | Found a burning altar of Makhleb.
 21986 | Lair:5   | Received a gift from Okawaru
 21997 | Lair:5   | HP: 1/114 [red devil/+0 trident (15)]
 22550 | Lair:5   | Found a gateway to Hell.
 23211 | Orc:1    | Entered Level 1 of the Orcish Mines
 23312 | Orc:1    | Noticed Nergalle
 23322 | D:9      | Killed Nergalle
 23718 | Orc:2    | Entered Level 2 of the Orcish Mines
 23843 | Orc:2    | Noticed Saint Roka
 24094 | Orc:2    | Killed Saint Roka
 24094 | Orc:2    | Identified the +2 robe of Ewkyosaur {-Tele rElec rCorr
                  | Dex-3} (Okawaru gifted it to you on level 2 of the Orcish
                  | Mines)
 24094 | Orc:2    | Received a gift from Okawaru
 24095 | Orc:2    | Reached skill level 5 in Stealth
 24095 | Orc:2    | Gained mutation: You are mostly covered in slimy green
                  | scales. (AC +3) [demonic ancestry]
 24095 | Orc:2    | Reached XP level 15. HP: 89/120 MP: 16/23
 24218 | Orc:2    | Found a staircase to the Elven Halls.
 25209 | Orc:2    | Reached skill level 14 in Axes
 25339 | Orc:2    | Noticed Nessos
 25359 | Orc:2    | Killed Nessos
 25685 | Orc:2    | Found Rirylopp's Antique Armour Shop.
 25686 | Orc:2    | Found Otack's Antique Weapon Shop.
 25688 | Orc:2    | Found Zuiruz's General Store.
 25688 | Orc:2    | Found Dodwet's Jewellery Boutique.
 25704 | Orc:2    | Bought a scroll of teleportation for 39 gold pieces
 25704 | Orc:2    | Bought a scroll of teleportation for 39 gold pieces
 25719 | Orc:2    | Bought the +3 warlock's mirror {omnireflect} for 1360 gold
                  | pieces
 25719 | Orc:2    | Found the +3 warlock's mirror {omnireflect}
 26137 | Spider:1 | Entered Level 1 of the Spider Nest
 26442 | Spider:1 | HP: 5/109 [pharaoh ant (8)]
 26442 | Spider:1 | Slain by a torpor snail

Illustrated notes

Levels and vault maps discovered:
D:1:      arrival_zaba_pyramid, layout_loops_ring,
          hellmonk_ecumenical_altar_heavens_door
D:2:      minmay_razor_zed, layout_rooms, basic_altar, serial_shops,
          nicolae_shop_behind_doors, uniq_jessica, uniq_robin
D:3:      layout_basic, serial_shops, nicolae_shop_crystal, shop,
          nicolae_diamond_shop, nicolae_shop_bloodbath_and_beyond
D:4:      layout_basic
D:5:      layout_loops_ring, mainiacjoe_overflow_24_doors,
          minmay_temple_entry_waves, hellmonk_ghost_happy_afterlife,
          uniq_eustachio
D:6:      layout_loops_ring, amcnicky_mini_rare_corridor_liquid,
          kennysheep_big_empty_room, chequers_avenue
D:7:      layout_basic
D:8:      layout_loops_corners, nicolae_overflow_hallway_of_the_gods,
          minmay_fire_ice_demons
D:9:      layout_basic, david_orc_5
D:10:     layout_loops_ring, nicolae_ru_the_path_less_chosen, uniq_lodul
D:11:     layout_roguey, erik_lair_orcish_takeover, serial_glass,
          glass_columns_c, glass_columns_b, feat_on_display, item_on_display_a,
          due_unseen_surprise, feat_on_display, minmay_holes, uniq_urug
D:12:     layout_basic, serial_shops, nicolae_stop_n_shop_2,
          nicolae_two_hexagons, uniq_sonja
D:13:     layout_roguey, serial_shops, shop_fountains
D:14:     layout_roguey, erik_vaults_2, uniq_agnes
Temple:   compressed_dpeg_circular_temple
Lair:1:   layout_chaotic_city, minmay_lair_oklob_items, lemuel_fruit_fields,
          infiniplex_staircase_pool
Lair:2:   layout_loops_ring, nicolae_swamp_entry_spooky,
          nicolae_spider_entry_non_spiders, hangedman_lair_unloving_vines,
          grunt_megastairs_3, infiniplex_staircase_pool_2
Lair:3:   layout_chaotic_city, basic_altar, hellmonk_guarded_unrand_zhor,
          grunt_megastairs_4
Lair:4:   nzn_winding_woodlands_stair_cross
          [nzn_winding_woodlands_5x15_sawtooth,
          nzn_winding_woodlands_center_triple_pond,
          nzn_winding_woodlands_5x15_crooked, nzn_winding_woodlands_5x5_default,
          nzn_winding_woodlands_5x5_perimeter,
          nzn_winding_woodlands_5x15_jagged,
          nzn_winding_woodlands_center_pierced_h,
          nzn_winding_woodlands_5x15_parted], layout_loops_ring, slime_entry_2
Lair:5:   evil_forest, layout_concentric_octagons
Spider:1: layout_chambers, nicolae_spider_eight_legs
Spider:2: layout_cave_pods
Spider:3: layout_spider_delve
Orc:1:    layout_caves, dreamdust_deal_with_the_devil, uniq_nergalle
Orc:2:    st_orc_congregation, layout_caves, minmay_orc_barracks,
          uniq_saint_roka, uniq_nessos

Skill      XL: |  1  2  3  4  5  6  7  8  9 10 11 12 13 14 15 |
---------------+----------------------------------------------+-----
Axes           | 2 3 4 5 6 8 9 10 11 12 13 14 | 14.2
Armour         | 3 4 5 6 7 8 9 |  9.4
Shields        | 3 4 5 6 7 8 9 |  9.3
Dodging        | 1 2 |  2.6
Fighting       | 4 5 6 7 8 10 11 12 | 12.3
Throwing       | 1 2 |  2.4
Invocations    | 2 5 7 9 10 11 12 | 12.4
Evocations     | 2 3 5 7 8 9 |  9.8
Stealth        | 2 5 |  5.3
Polearms       | |  0.4

Action                     |  1- 3 |  4- 6 |  7- 9 | 10-12 | 13-15 || total
---------------------------+-------+-------+-------+-------+-------++-------
  Melee: War axe           |    76 |   168 |   331 |   231 |       ||   806
         Kick              |     9 |    43 |    88 |   204 |   298 ||   642
         Broad axe         |       |       |       |   307 |   731 ||  1038
         Demon trident     |       |       |       |       |    47 ||    47
  Throw: Stone             |     3 |       |       |       |       ||     3
         Boomerang         |       |     4 |    16 |    17 |    11 ||    48
         Dart              |       |       |     4 |    45 |     5 ||    54
         Javelin           |       |       |       |     1 |       ||     1
 Invoke: Heroism           |       |       |       |     4 |     7 ||    11
         Finesse           |       |       |       |       |     1 ||     1
  Evoke: Wand              |       |       |     2 |     3 |       ||     5
         Lightning rod     |       |       |       |     7 |     5 ||    12
    Use: Potion            |     1 |     1 |     3 |     2 |     4 ||    11
         Scroll            |       |    12 |     4 |     4 |     4 ||    24
   Stab: Invisible         |       |       |     1 |       |       ||     1
 Armour: Scale mail        |    45 |    75 |    43 |       |       ||   163
         Plate armour      |       |       |    64 |    96 |       ||   160
         Chain mail        |       |       |    26 |    93 |   446 ||   565
  Dodge: Dodged            |    31 |    66 |   150 |   121 |   320 ||   688
  Block: Buckler           |    27 |    84 |   241 |   300 |   560 ||  1212
         Reflection        |       |       |    16 |    18 |    25 ||    59

Table legend: (Time is in decaauts)
 A = Elapsed time spent in this place.
 B = Non-inter-level travel time spent in this place.
 C = Inter-level travel time spent in this place.
 D = Time resting spent in this place.
 E = Time spent auto-exploring this place.
 F = Levels seen in this place.
 G = Mean time per level.
                   A        B        C        D        E       F      G
               +--------+--------+--------+--------+--------+-----+--------+
         Total |  26736 |  25596 |   1140 |   2938 |  14590 |  25 | 1069.4 |
       Dungeon |  15444 |  14737 |    707 |   1437 |   8387 |  14 | 1103.1 |
        Temple |    114 |    114 |      0 |      0 |      0 |   1 |  114.0 |
          Lair |   8176 |   7791 |    385 |    744 |   5112 |   5 | 1635.2 |
   Spider Nest |    307 |    307 |      0 |      0 |    189 |   3 |  102.3 |
  Orcish Mines |   2694 |   2647 |     47 |    757 |    902 |   2 | 1347.0 |
               +--------+--------+--------+--------+--------+-----+--------+

Top non-repeatable levels by time:
  Lair:4: 2223 daAuts
    D:11: 1790 daAuts
     D:6: 1766 daAuts
  Lair:5: 1759 daAuts
   Orc:2: 1533 daAuts
     D:7: 1518 daAuts
  Lair:1: 1472 daAuts
  Lair:2: 1451 daAuts
     D:5: 1399 daAuts
    D:10: 1337 daAuts
  Lair:3: 1269 daAuts
     D:8: 1235 daAuts
    D:12: 1232 daAuts
   Orc:1: 1160 daAuts
     D:9: 1006 daAuts
